 Dungeon Crawl Stone Soup version 0.31-a0-965-g8a8ce12e04 (webtiles) character file.

Game seed: 7341055772026220786

93 Maxmaps the Changeling (level 4, -2/28 HPs)
             Began as an Octopode Shapeshifter on Oct 26, 2023.
             Slain by a worm (10 damage)
             ... on level 3 of the Dungeon.
             The game lasted 00:01:54 (1770 turns).

Maxmaps the Changeling (Octopode Shapeshifter)      Turns: 1770, Time: 00:01:56

Health: -2/28      AC:  1    Str: 13    XL:     4   Next: 61%
Magic:  4/4        EV: 13    Int: 14    God:
Gold:   131        SH:  0    Dex: 11    Spells: 3/3 levels left

rFire   . . .        k - +0 short sword (venom)
rCold   . . .        (no shield)
rNeg    . . .        (helmet currently unavailable)
rPois   .            (no amulet)
rElec   .            (no ring)
rCorr   .            (no ring)
SInv    .            (no ring)
Will    .....        (no ring)
Stlth   +++          (no ring)
HPRegen 0.24/turn    (no ring)
MPRegen 0.09/turn    (no ring)
                     (no ring)

%: no passive effects
@: beast-form
A: beast (slay +2), almost no armour, amphibious, 8 rings, camouflage 1,
gelatinous body 1, (nimble swimmer 1), tentacles
a: Begin Untransformation


You were on level 3 of the Dungeon.
You were a hulking beast.
You visited 1 branch of the dungeon, and saw 3 of its levels.

You collected 131 gold pieces.

Inventory:

Hand Weapons
 k - a +0 short sword of venom (weapon)
Armour
 i - an orb of mayhem
Talismans
 b - a beast talisman
 c - a flux talisman
Scrolls
 e - a scroll of identify
 g - a scroll of immolation
 j - 2 scrolls of revelation
 l - 2 scrolls of noise
Potions
 a - 3 potions of lignification
 d - a potion of invisibility {unknown}
 f - 2 potions of degeneration
 h - 2 potions of heal wounds {unknown}
 m - a potion of enlightenment {unknown}


   Skills:
 - Level 1.0 Fighting
 - Level 2.0 Dodging
 - Level 4.0 Stealth
 - Level 3.0 Unarmed Combat
 - Level 4.1 Shapeshifting


You had 3 spell levels left.
You didn't know any spells.
Your spell library contained the following spells:

 Spells                   Type           Power      Damage    Failure   Level
 Foxfire                  Conj/Fire      0%         2x1d4     28%         1
 Cigotuvi's Dreadful Rot  Necr/Pois/Air  0%         N/A       41%         2
 Ignite Poison            Fire/Tmut/Pois 0%         N/A       65%         3
 Freezing Cloud           Conj/Ice/Air   0%         6-21      100%        5
 Plasma Beam              Fire/Air       0%         2x1d10    100%        6
 Starburst                Conj/Fire      0%         6d3       100%        6


Dungeon Overview and Level Annotations

Branches:
Dungeon (3/15)

Altars:


Innate Abilities, Weirdness & Mutations

You are a hulking beast.
Your limbs bulge with bestial killing power. (Slay +2)
You cannot wear most types of armour.
You are amphibious.
You can wear up to eight rings at the same time.
Your skin changes colour to match your surroundings (Stealth+).
Your rubbery body absorbs attacks. (AC +1, EV +1)
((You are camouflaged when in or above water. (Stealth+)))
You have tentacles for arms and can constrict up to eight enemies at once.


Message History

You hit the ball python.
You kill the ball python!
No target in view!
No target in view!
No target in view!
HP restored.
m - a green potion No target in view!
Found a stone staircase leading down.
There is an escape hatch in the floor here.
Key pressed, stopping explore.
No target in view!
A worm comes into view.
An orc comes into view. It is wielding a +0 trident.
Unknown command.
An orc comes into view. It is wielding a +0 war axe.
An orc and an orc priest come into view.
The orc shouts! x3; The orc priest shouts!
The worm bites you! The orc closely misses you.
You hit the orc priest.
The orc priest is poisoned.
You grab the orc priest.
The orc priest is moderately wounded.
You constrict the orc priest. The orc barely misses you. The worm misses you.
The orc priest barely misses you. The orc barely misses you.
You hit the orc priest.
The orc priest looks as sick as possible!
The orc priest is severely wounded.
You constrict the orc priest, but do no damage.
The orc closely misses you.
The orc priest mumbles some strange prayers to Beogh against you.
Beogh smites you!
Ouch! That really hurt!
* * * LOW HITPOINT WARNING * * *
The orc misses you.
You hit the orc priest.
The orc priest looks as sick as possible!
The orc priest is almost dead.
You constrict the orc priest, but do no damage.
You kill the orc priest!
The worm bites you!
You die...

#.#.# #.#.#######....
#.....†...... .#
###.#######.. ..
#.###### # #. #
#......###.##.#######.
#####>....##....o.......
...............)woo.....
#####.....#### #h# #
##...## #.# # ##.## #.#
#######.### #.#
..........# #.#
..#####>#.# ###.### ..#
#.#.# #.....# ....#
#.#.####.###.# .....
..#......# .#


You could see a worm and 3 orcs.

Vanquished Creatures
  An orc priest (D:3)
  3 adders
  4 worms (D:2)
  A dart slug (D:1)
  3 endoplasms
  4 giant cockroaches
  7 goblins
  5 hobgoblins
  2 quokkas (D:1)
  6 ball pythons
  5 bats
  6 frilled lizards (D:2)
  3 kobolds
  4 rats
54 creatures vanquished.

Notes
Turn   | Place    | Note
-------+----------+-------------------------------------------
     0 | D:1      | Maxmaps the Octopode Shapeshifter began the quest for the
                  | Orb.
     0 | D:1      | Reached XP level 1. HP: 13/13 MP: 1/1
   170 | D:1      | Reached skill level 1 in Stealth
   216 | D:1      | Reached XP level 2. HP: 11/18 MP: 2/2
   791 | D:2      | Reached XP level 3. HP: 17/23 MP: 3/3
  1139 | D:2      | Reached XP level 4. HP: 19/28 MP: 4/4
  1770 | D:3      | Slain by a worm

Illustrated notes

Levels and vault maps discovered:
D:1:      nicolae_arrival_somewhat_less_tricky_arrival, layout_basic,
          minmay_tetromino_o2
D:2:      layout_loops_ring, minmay_circle_x
D:3:      layout_loops_ring, fedhas_ov_isle_minmay,
          mainiacjoe_overflow_alcove_2, serial_shops, shop

Skill      XL: |  1  2  3  4 |
---------------+-------------+-----
Stealth        | 2 3 4 |  4.0
Shapeshifting  | 4 |  4.1
Fighting       | |  1.0
Dodging        | |  2.0
Unarmed Combat | |  3.0

Action                     |  1- 3 |  4- 6 || total
---------------------------+-------+-------++-------
  Melee: Unarmed           |    53 |       ||    53
         Constrict         |    17 |     6 ||    23
         Tentacles         |    13 |     2 ||    15
         Short sword       |    11 |    27 ||    38
         Punch             |       |     2 ||     2
    Use: Scroll            |       |     8 ||     8
   Stab: Sleeping          |    11 |     6 ||    17
 Armour: Skin              |    23 |     9 ||    32
  Dodge: Dodged            |    34 |    16 ||    50

Table legend: (Time is in decaauts)
 A = Elapsed time spent in this place.
 B = Non-inter-level travel time spent in this place.
 C = Inter-level travel time spent in this place.
 D = Time resting spent in this place.
 E = Time spent auto-exploring this place.
 F = Levels seen in this place.
 G = Mean time per level.
                   A        B        C        D        E       F      G
               +--------+--------+--------+--------+--------+-----+--------+
         Total |   1766 |   1742 |     24 |     20 |   1378 |   3 |  588.7 |
       Dungeon |   1766 |   1742 |     24 |     20 |   1378 |   3 |  588.7 |
               +--------+--------+--------+--------+--------+-----+--------+

Top non-repeatable levels by time:
     D:2: 829 daAuts
     D:1: 724 daAuts
     D:3: 212 daAuts
